AoeStats
← Ayacucho’s Last Romantic ♡

Black Forest

509194176Analyzed
4v4 RM · 7d ago on Sep 25, 2026· 48m 56s· 8 players
Game mode
Random Map
Map size
Large (8 player)
Population
200
Speed
Normal
Resources
Standard
Victory
Conquest
Starting age
Dark Age
Ending age
Imperial Age
RankedLock teamsTeams togetherTeam positionsShared explorationLock speedFull tech treeHidden civsTurbo modeCheats
Victory
Defeat
🇨🇿 Cumans · Czechia
1511
+13
🇦🇷 Romans · Argentina
1497
+13
1469
+14
🇦🇷 Berbers · Argentina
1410
+17
🇺🇸 Franks · United States
1538
-18
🇨🇭 Magyars · Switzerland
1416
-14
🇦🇹 Britons · Austria
1404
-13
🇦🇹 Byzantines · Austria
1388
-12
Ayacucho’s Last Romantic ♡
10:37 Feudal Age
11:14 Loom
15:45 Castle Age
14:24 Double-Bit Axe
15:33 Horse Collar
16:08 Bloodlines
17:23 Bow Saw
20:13 Wheelbarrow
21:16 Heavy Plow
24:26 Stone Mining
25:48 Stone Shaft Mining
25:44 Gold Mining
29:49 Imperial Age
28:28 Gold Shaft Mining
28:23 Hand Cart
28:39 Town Watch
28:24 Pikeman
29:05 Scale Mail Armor
29:17 Forging
31:00 Masonry
31:29 Chain Mail Armor
31:51 Iron Casting
31:56 Conscription
31:02 Halberdier
31:43 Squires
31:28 Gambesons
31:29 Arson
31:24 Onager
32:51 Plate Mail Armor
34:52 Blast Furnace
35:10 Fletching
35:42 Ballistics
36:22 Chemistry
34:47 Siege Onager
36:04 Arrowslits
37:15 Crop Rotation
37:19 Bodkin Arrow
39:10 Bracer
39:16 Siege Engineers
39:42 Town Patrol
40:23 Murder Holes
41:08 Elite Serjeant
42:01 Capped Ram
43:09 First Crusade
44:13 Siege Ram
47:50 Guilds
48:53 Hoardings
M-A
0:26 Loom
12:20 Feudal Age
17:33 Castle Age
16:41 Double-Bit Axe
19:20 Horse Collar
21:37 Bow Saw
25:41 Heavy Plow
27:27 Wheelbarrow
28:15 Gold Mining
29:02 Hand Cart
28:37 Treadmill Crane
30:32 Gold Shaft Mining
34:05 Imperial Age
32:12 Thumb Ring
32:04 Fletching
32:39 Husbandry
32:50 Bloodlines
33:05 Ballistics
33:15 Bodkin Arrow
33:40 Stone Mining
34:51 Bracer
34:52 Padded Archer Armor
35:55 Chemistry
35:03 Kasbah
35:29 Conscription
35:28 Elite Camel Archer
37:00 Leather Archer Armor
36:38 Capped Ram
37:21 Maghrebi Camels
38:17 Ring Archer Armor
42:04 Masonry
42:31 Hoardings
42:56 Siege Engineers
lobo
12:30 Feudal Age
13:47 Wheelbarrow
12:59 Double-Bit Axe
20:15 Castle Age
18:39 Gold Mining
19:17 Fishing Lines
21:06 Bow Saw
26:55 Imperial Age
25:19 Fervor
25:24 Horse Collar
26:02 Hand Cart
25:59 Scale Mail Armor
26:09 Forging
26:49 Gold Shaft Mining
26:14 Loom
26:26 Man-at-Arms
27:08 Squires
27:14 Long Swordsman
28:13 Chain Mail Armor
28:15 Forging
29:23 Caravan
29:23 Legionary
31:12 Iron Casting
33:03 Blast Furnace
33:03 Heavy Plow
33:52 Gillnets
37:28 Crop Rotation
38:32 Comitatenses
38:33 Conscription
38:26 Elite Centurion
39:28 Scale Barding Armor
42:36 Chain Barding Armor
48:08 Siege Engineers
49:05 Chemistry
48:26 Ballistics
Joseph90
0:56 Loom
13:51 Feudal Age
14:20 Double-Bit Axe
16:40 Wheelbarrow
17:50 Fishing Lines
20:12 Horse Collar
23:33 Castle Age
22:18 Gold Mining
22:34 Scale Mail Armor
23:56 Scale Barding Armor
24:02 Forging
24:31 Bloodlines
25:02 Heavy Plow
24:42 Capped Ram
25:21 Stone Mining
25:48 Bow Saw
26:33 Chain Barding Armor
26:19 Light Cavalry
38:42 Imperial Age
36:30 Hand Cart
36:00 Town Watch
36:44 Steppe Husbandry
38:52 Fletching
39:02 Padded Archer Armor
39:14 Onager
39:54 Elite Skirmisher
41:06 Thumb Ring
41:03 Bodkin Arrow
41:24 Leather Archer Armor
41:45 Plate Barding Armor
41:46 Iron Casting
41:36 Ballistics
42:33 Chemistry
42:09 Parthian Tactics
42:04 Hussar
44:12 Conscription
43:34 Siege Ram
43:53 Elite Genitour
45:20 Ring Archer Armor
45:25 Iron Casting
46:44 Masonry
47:28 Cavalier
49:11 Blast Furnace
48:27 Chain Mail Armor
Mike Hawks Veiny
8:13 Loom
10:39 Feudal Age
14:31 Castle Age
12:24 Double-Bit Axe
15:39 Bow Saw
16:52 Fishing Lines
20:39 Horse Collar
22:44 Gillnets
23:45 Wheelbarrow
23:52 Heavy Plow
25:39 Hand Cart
25:33 Fletching
26:04 Padded Archer Armor
26:35 Gold Mining
26:37 Stone Mining
27:16 Ballistics
30:13 Imperial Age
27:42 Crossbowman
28:57 Pikeman
29:38 Squires
29:37 Bodkin Arrow
29:48 Treadmill Crane
30:54 Yeomen
30:29 Arbalester
31:13 Bracer
34:46 Chemistry
36:07 Halberdier
37:44 Scale Mail Armor
37:54 Forging
38:53 Conscription
41:17 Elite Longbowman
43:48 Leather Archer Armor
45:14 Chain Mail Armor
45:34 Iron Casting
Shoggi
1:36 Loom
10:13 Feudal Age
10:48 Double-Bit Axe
17:38 Horse Collar
21:56 Castle Age
21:56 Gold Mining
23:15 Bow Saw
26:04 Bow Saw
28:45 Wheelbarrow
27:59 Town Watch
31:52 Heavy Plow
37:31 Imperial Age
36:46 Fletching
36:56 Padded Archer Armor
37:12 Thumb Ring
38:02 Bloodlines
37:52 Husbandry
37:49 Bodkin Arrow
38:32 Leather Archer Armor
37:41 Heavy Cavalry Archer
38:46 Parthian Tactics
39:03 Bracer
41:21 Chemistry
41:58 Ballistics
42:48 Ring Archer Armor
44:44 Elite Skirmisher
45:29 Elite Skirmisher
Mike Hawks Krusty
1:08 Loom
13:21 Feudal Age
14:48 Double-Bit Axe
17:24 Castle Age
19:27 Bow Saw
19:30 Horse Collar
20:20 Heavy Plow
23:19 Stone Mining
24:32 Fishing Lines
25:18 Gold Mining
28:04 Pikeman
28:54 Fletching
31:26 Bodkin Arrow
37:45 Scale Barding Armor
39:11 Chain Barding Armor
39:14 Husbandry
48:36 Imperial Age
48:54 Squires
DarkPaladinX
11:52 Feudal Age
17:22 Castle Age
15:32 Double-Bit Axe
16:46 Fishing Lines
18:11 Gillnets
18:45 Bow Saw
21:45 Wheelbarrow
22:13 Scale Barding Armor
23:13 Hand Cart
22:55 Loom
23:45 Forging
26:02 Gold Mining
29:54 Imperial Age
27:25 Stone Mining
28:36 Chain Barding Armor
28:27 Treadmill Crane
29:44 Iron Casting
29:55 Husbandry
30:00 Cavalier
31:17 Plate Barding Armor
31:32 Conscription
31:45 Chivalry
33:02 Blast Furnace
32:36 Paladin
34:37 Gold Shaft Mining
34:41 Scale Mail Armor
36:14 Chemistry
39:20 Light Cavalry
41:01 Chain Mail Armor
47:00 Fletching
Connection lost

Rejoining the realm…

Still unreachable

The connection could not be restored.

Session expired

The server has moved on; the page needs a fresh start.